 Dungeon Crawl Stone Soup version 0.30-a0-924-g0ad0bf95bc (webtiles) character file.

Game seed: 14347005574638745455

249 IdlyInterested the Cudgeller (level 5, -2/35 (38) HPs)
             Began as a Demonspawn Gladiator on Mar 22, 2023.
             Slain by a wight
             ... wielding a +2 battleaxe
              (17 damage)
             ... on level 4 of the Dungeon.
             The game lasted 00:08:37 (3242 turns).

IdlyInterested the Cudgeller (Demonspawn Gladiator) Turns: 3242, Time: 00:08:38

HP:   -2/35 (38)    AC: 10    Str: 16    XL:     5   Next: 86%
MP:   5/5           EV: 10    Int:  9    God:
Gold: 203           SH:  0    Dex: 15    Spells: 4/4 levels left

rFire   . . .      SeeInvis .    a - +1 flail
rCold   . . .      Faith    .    (no shield)
rNeg    . . .      Spirit   .    h - +0 scale mail
rPois   .          Reflect  .    n - +0 helmet
rElec   .          Rampage  .    (no cloak)
rCorr   .                        (no gloves)
Will    .....                    (no boots) Stlth
                                 (no amulet)
HPRegen 0.25/turn                (no ring)
MPRegen 0.09/turn                (no ring)

@: drained
A: thin metallic scales 2, demonic touch 1
a: no special abilities


You were on level 4 of the Dungeon.
You visited 1 branch of the dungeon, and saw 4 of its levels.

You collected 203 gold pieces.

Inventory:

Hand Weapons
 a - a +1 flail (weapon)
Missiles
 d - a throwing net
 e - a javelin
 f - 6 boomerangs (quivered)
 k - 20 stones
Armour
 g - an orb of energy
 h - a +0 scale mail (worn)
 n - a +0 helmet (worn)
Scrolls
 c - 2 scrolls of vulnerability
Potions
 l - a potion of brilliance {unknown}
 m - a potion of mutation


   Skills:
 - Level 2.0 Fighting
 + Level 4.7 Maces & Flails
 - Level 2.0 Throwing
 - Level 2.0 Armour
 - Level 3.0 Dodging
 - Level 1.0 Stealth
 * Level 1.5 Unarmed Combat
 - Level 1.0 Evocations


You had 4 spell levels left.
You didn't know any spells.
Your spell library contained the following spells:

 Spells                   Type           Power      Damage    Failure   Level
 Ensorcelled Hibernation  Hex/Ice        0%         N/A       92%         2
 Ozocubu's Armour         Ice            0%         N/A       99%         3
 Spider Form              Tmut/Pois      0%         N/A       99%         3
 Anguish                  Hex/Necr       0%         N/A       100%        4
 Metabolic Englaciation   Hex/Ice        0%         N/A       100%        5
 Simulacrum               Ice/Necr       0%         N/A       100%        6
 Ozocubu's Refrigeration  Ice            0%         4d7       100%        7


Dungeon Overview and Level Annotations

Branches:
Dungeon (4/15)
 Temple: D:4-7

Altars:
Kikubaaqudgha
Sif Muna


Innate Abilities, Weirdness & Mutations

You are mostly covered in thin metallic scales. (AC +3)
Your touch may inflict minor irresistible damage on your foes.


Message History

You feel drained.
Throw: 3 throwing nets
Press: ? - help, Shift-Dir - straight line, f - wight
Aim: a wight, wielding a +2 battleaxe and wearing a +0 robe (60% to hit)
You throw a throwing net.
The throwing net barely misses the wight.
The wight misses you.
Throw: 2 throwing nets
Press: ? - help, Shift-Dir - straight line, f/p - wight
Aim: a wight, wielding a +2 battleaxe and wearing a +0 robe (60% to hit)
You throw a throwing net.
The throwing net closely misses the wight.
The wight hits you but does no damage.
Throw: 6 boomerangs
Press: ? - help, Q - select action, (/) - cycle Shift-Dir - straight line, f/p - wight
Aim: a wight, wielding a +2 battleaxe and wearing a +0 robe (60% to hit)
You throw a boomerang. The boomerang closely misses the wight.
The wight hits you with a +2 battleaxe.
* * * LOW HITPOINT WARNING * * *
You feel much better. The wight closely misses you.
You hit the wight but do no damage. You punch the wight, but do no damage.
The wight hits you with a +2 battleaxe.
You barely miss the wight. The wight hits you with a +2 battleaxe.
The wight misses you.
You hit the wight.
The wight is moderately damaged.
The wight barely misses you.
You hit the wight but do no damage. Your touch misses the wight.
The wight is moderately damaged.
The wight hits you with a +2 battleaxe.
You hit the wight.
You touch the wight!
The wight is almost destroyed.
The wight closely misses you.
You closely miss the wight.
The wight is almost destroyed.
The wight hits you with a +2 battleaxe.
You feel drained.
You hit the wight but do no damage.
The wight is almost destroyed.
The wight hits you with a +2 battleaxe!
You die...

#........
...........
.###...#####.# .
#.... # #.#.#
####### #(#.#.#
#+#+#+#z#'#'#####
#(.....@.....'..#
#+#+#+#'#'#'###.#
#_#.#.# #...#
####### #... #...
#.. #.. #.#


You could see a wight.

Vanquished Creatures
  A hound (D:4)
  A human zombie (D:4)
  A sleepcap (D:3)
  2 hound zombies (D:4)
  2 mummies (D:4)
  5 adders
  A worm (D:3)
  A dart slug (D:1)
  An orc (D:3)
  6 ball pythons
  5 endoplasms
  A giant cockroach (D:3)
  9 goblins
  8 hobgoblins
  4 quokkas
  3 bats
  A frilled lizard (D:3)
  6 kobolds
  8 rats
66 creatures vanquished.

Notes
Turn   | Place    | Note
-------+----------+-------------------------------------------
     0 | D:1      | IdlyInterested the Demonspawn Gladiator began the quest for
                  | the Orb.
     0 | D:1      | Reached XP level 1. HP: 16/16 MP: 1/1
   243 | D:1      | Reached skill level 1 in Armour
   314 | D:1      | You fall into a shaft and drop 1 floor!
   324 | D:2      | Gained mutation: You are partially covered in thin metallic
                  | scales. (AC +2) [demonic ancestry]
   324 | D:2      | Reached XP level 2. HP: 22/22 MP: 2/2
   492 | D:1      | Reached skill level 3 in Maces & Flails
  1005 | D:1      | Reached XP level 3. HP: 27/27 MP: 3/3
  1669 | D:2      | Gained mutation: You are mostly covered in thin metallic
                  | scales. (AC +3) [demonic ancestry]
  1669 | D:2      | Reached XP level 4. HP: 26/33 MP: 4/4
  2025 | D:3      | Found a shimmering blue altar of Sif Muna.
  2072 | D:3      | Reached skill level 4 in Maces & Flails
  2072 | D:3      | Reached skill level 1 in Stealth
  2185 | D:3      | Found a faded altar of an unknown god.
  2987 | D:4      | Reached skill level 1 in Evocations
  2987 | D:4      | Gained mutation: Your touch may inflict minor irresistible
                  | damage on your foes. [demonic ancestry]
  2987 | D:4      | Reached XP level 5. HP: 31/38 MP: 5/5
  3161 | D:4      | Reached skill level 1 in Unarmed Combat
  3163 | D:4      | Found an ancient bone altar of Kikubaaqudgha.
  3242 | D:4      | Slain by a wight

Illustrated notes

Levels and vault maps discovered:
D:1:      shiori_arrival_oz, layout_loops_corners
D:2:      layout_loops_cross
D:3:      layout_basic, mainiacjoe_overflow_six_doors_small,
          ebering_ecumenical_altar_petrified, kennysheep_nub
D:4:      minmay_clustersquares, layout_loops_corners,
          lemuel_mausoleum_altar_kikubaaqudgha,
          minmay_temple_entry_antechambers, ebering_ghost_rock_garden,
          nicolae_concentric_dashed_squares_wild

Skill      XL: |  1  2  3  4  5 |
---------------+----------------+-----
Armour         | 1 2 |  2.0
Maces & Flails | 3 4 |  4.7
Dodging        | 3 |  3.0
Stealth        | 1 |  1.0
Evocations     | 1 |  1.0
Throwing       | 2 |  2.0
Unarmed Combat | 1 |  1.5
Fighting       | |  2.0

Action                     |  1- 3 |  4- 6 || total
---------------------------+-------+-------++-------
  Melee: Flail             |   120 |   107 ||   227
         Punch             |     1 |     1 ||     2
         Touch             |       |     9 ||     9
  Throw: Boomerang         |       |     3 ||     3
         Throwing net      |       |     2 ||     2
    Use: Scroll            |       |     7 ||     7
         Potion            |       |     1 ||     1
 Armour: Leather armour    |    10 |       ||    10
         Ring mail         |    15 |       ||    15
         Scale mail        |    37 |    42 ||    79
  Dodge: Dodged            |    65 |    45 ||   110

Table legend: (Time is in decaauts)
 A = Elapsed time spent in this place.
 B = Non-inter-level travel time spent in this place.
 C = Inter-level travel time spent in this place.
 D = Time resting spent in this place.
 E = Time spent auto-exploring this place.
 F = Levels seen in this place.
 G = Mean time per level.
                   A        B        C        D        E       F      G
               +--------+--------+--------+--------+--------+-----+--------+
         Total |   3295 |   2962 |    333 |    191 |   2026 |   4 |  823.8 |
       Dungeon |   3295 |   2962 |    333 |    191 |   2026 |   4 |  823.8 |
               +--------+--------+--------+--------+--------+-----+--------+

Top non-repeatable levels by time:
     D:3: 1139 daAuts
     D:1: 1100 daAuts
     D:2: 877 daAuts
     D:4: 177 daAuts
